 Dungeon Crawl Stone Soup version 0.31-a0-1163-gcee99d1eea (webtiles) character file.

Game seed: 15632239709598829511

5 Gargoyl the Trooper (level 1, 0/14 HPs)
             Began as a Gargoyle Berserker on Dec 9, 2023.
             Was a Follower of Trog.
             Slain by a jackal (3 damage)
             ... on level 1 of the Dungeon.
             The game lasted 00:00:45 (168 turns).

Gargoyl the Trooper (Gargoyle Berserker)             Turns: 168, Time: 00:00:45

Health: 0/14       AC:  4    Str: 20    XL:     1   Next: 80%
Magic:  1/1        EV: 11    Int:  7    God:    Trog [*.....]
Gold:   9          SH:  3    Dex:  9    Spells: 0/0 levels left

rFire   . . .        a - +0 hand axe
rCold   . . .        g - +0 buckler
rNeg    + . .        b - +0 animal skin
rPois   ∞            (no helmet)
rElec   +            (no cloak)
rCorr   .            (no gloves)
SInv    .            (no boots)
Will    .....        (no amulet)
Stlth   +            (no ring)
HPRegen 0.22/turn    (no ring)
MPRegen 0.07/turn

%: no passive effects
@: no status effects
A: sickness immunity, AC +2, negative energy resistance 1, electricity
resistance, torment resistance 1, petrification resistance
a: Renounce Religion, Berserk


You were on level 1 of the Dungeon.
You worshipped Trog.
Trog was aware of your devotion.
You visited 1 branch of the dungeon, and saw 1 of its levels.

You collected 9 gold pieces.

Inventory:

Hand Weapons
 a - a +0 hand axe (weapon)
Armour
 b - a +0 animal skin (worn)
 g - a +0 buckler (worn)
Scrolls
 c - a scroll of identify {unknown}
 e - a scroll of fear {unknown}
Potions
 d - a potion of curing {unknown}
 f - a potion of brilliance {unknown}
 h - a potion of haste {unknown}


   Skills:
 + Level 3.4 Fighting
 + Level 2.8 Axes
 + Level 2.2 Armour
 + Level 1.6 Dodging


You couldn't memorise any spells.
You didn't know any spells.
Your spell library was empty.

Dungeon Overview and Level Annotations

Branches:
Dungeon (1/15)

Altars:


Innate Abilities, Weirdness & Mutations

You are immune to sickness and miasma.
Your stone body is resilient. (AC +2)
You are immune to poison.
You resist negative energy. (rN+)
You are resistant to electric shocks. (rElec)
You are resistant to unholy torment.
You are immune to petrification.


Message History

You hear an angry hiss.
A ball python comes into view.
You hit the jackal.
The jackal is heavily wounded.
You hit the hobgoblin. The jackal closely misses you.
The hobgoblin closely misses you. The jackal bites you.
Unknown command.
You barely miss the jackal. You miss the jackal. You hit the hobgoblin.
You kill the hobgoblin!
Trog accepts your kill. The jackal barely misses you. The jackal bites you. x2
Unknown command.
You closely miss the jackal. You hit the jackal but do no damage.
You barely miss the jackal. The jackal bites you.
You block the jackal's attack. The jackal completely misses you.
The jackal barely misses you. The jackal bites you.
You block the jackal's attack.
Unknown command.
You closely miss the jackal. You barely miss the jackal. x2
The jackal bites you but does no damage. x2
The jackal completely misses you. The jackal closely misses you.
The jackal misses you.
The jackal bites you but does no damage.
You hit the jackal.
The jackal is severely wounded.
You hit the jackal. You barely miss the jackal. The jackal bites you.
The jackal bites you but does no damage.
The jackal barely misses you. You block the jackal's attack.
Unknown command.
You fail to use your ability.
The jackal bites you but does no damage. x2
The jackal barely misses you. The jackal bites you.
* * * LOW HITPOINT WARNING * * *
The jackal bites you but does no damage.
You hit the jackal.
You kill the jackal!
Trog accepts your kill.
You hit the jackal but do no damage. You closely miss the jackal.
The jackal bites you.
You die...

#####.....##.#.##
#..#..#8.#.8 .. #
#.###.##.#.# .# .#
#.###.#8. .8 .###.#
#..#..# ..#..#.
#.....# ....... ##
#.....###+###......#
.#
#...................
...............h@#
####.....#####hS#
#.###.. #..# #. ###
...# # #.... ##.#..
#.#.(. #.#.##.


You could see 2 jackals and a ball python.

Vanquished Creatures
  2 endoplasms (D:1)
  A goblin (D:1)
  A hobgoblin (D:1)
  A jackal (D:1)
5 creatures vanquished.

Notes
Turn   | Place    | Note
-------+----------+-------------------------------------------
     0 | D:1      | Gargoyl the Gargoyle Berserker began the quest for the Orb.
     0 | D:1      | Reached XP level 1. HP: 14/14 MP: 1/1
   168 | D:1      | Slain by a jackal

Illustrated notes

Levels and vault maps discovered:
D:1:      heliophobic_arrival_ceremonial_halls, layout_rooms

Action                     || total
---------------------------++-------
  Melee: Hand axe          ||    13
 Armour: Animal skin       ||    18
  Dodge: Dodged            ||    10
  Block: Buckler           ||     3

Table legend: (Time is in decaauts)
 A = Elapsed time spent in this place.
 B = Non-inter-level travel time spent in this place.
 C = Inter-level travel time spent in this place.
 D = Time resting spent in this place.
 E = Time spent auto-exploring this place.
 F = Levels seen in this place.
 G = Mean time per level.
                   A        B        C        D        E       F      G
               +--------+--------+--------+--------+--------+-----+--------+
         Total |    170 |    170 |      0 |      0 |    119 |   1 |  170.0 |
       Dungeon |    170 |    170 |      0 |      0 |    119 |   1 |  170.0 |
               +--------+--------+--------+--------+--------+-----+--------+

Top non-repeatable levels by time:
     D:1: 170 daAuts
